 Dungeon Crawl Stone Soup version 0.30-a0-34-gbe8da3892a (webtiles) character file.

Game seed: 8941865992297172142

936 Sobieck the Skirmisher (level 8, -4/38 HPs)
             Began as a Vine Stalker Hunter on Aug 27, 2022.
             Succumbed to Dowan's poison
             ... on level 5 of the Dungeon.
             The game lasted 00:09:20 (4334 turns).

Sobieck the Skirmisher (Vine Stalker Hunter)        Turns: 4334, Time: 00:09:21

Health: -4/38      AC:  3    Str: 15    XL:     8   Next: 12%
Magic:  9/18       EV: 12    Int:  9    God:
Gold:   217        SH:  0    Dex: 19    Spells: 7/7 levels left

rFire   . . .      SeeInvis .    b - +0 hand axe (elec) {axe}
rCold   . . .      Faith    .    (no shield)
rNeg    . . .      Spirit   +    c - +0 leather armour
rPois   .          Reflect  .    (no helmet)
rElec   .          Harm     .    (no cloak)
rCorr   .          Rampage  .    (no gloves)
Will    ++...                    (no boots)
Stlth   +.........               (no amulet)
HPRegen 0.92/turn                N - ring of willpower
MPRegen 0.16/turn                B - ring of magical power

@: confused, lethally poisoned (-4 -> -21), ambrosia-drunk
A: fangs 3, regeneration 1, magic shield, antimagic bite, no potion heal 2
a: no special abilities


You were on level 5 of the Dungeon.
You visited 1 branch of the dungeon, and saw 6 of its levels.

You collected 273 gold pieces.
You spent 56 gold pieces at shops.


Innate Abilities, Weirdness & Mutations

You have razor-sharp teeth.
Your natural rate of healing is unusually fast.
When hurt, damage is shared between your health and your magic reserves.
Your bite disrupts and absorbs the magic of your enemies.
Potions cannot restore your health.


   Skills:
 - Level 1.7 Fighting
 + Level 9.1 Ranged Weapons
 - Level 1.5 Dodging
 - Level 1.2 Stealth


You had 7 spell levels left.
You didn't know any spells.
Your spell library contained the following spells:

 Spells                   Type           Power      Damage    Failure   Level
 Summon Small Mammal      Summ           0%         N/A       45%         1
 Call Canine Familiar     Summ           0%         N/A       83%         3
 Gell's Gravitas          Tloc           0%         N/A       83%         3
 Lesser Beckoning         Tloc           0%         N/A       83%         3
 Summon Guardian Golem    Hex/Summ       0%         N/A       83%         3
 Teleport Other           Tloc           0%         N/A       83%         3
 Passage of Golubria      Tloc           0%         N/A       99%         4
 Silence                  Hex/Air        0%         N/A       100%        5
 Lehudib's Crystal Spear  Conj/Erth      0%         10d2      100%        8

Inventory:

Hand Weapons
 a - a +2 shortbow of flaming {bow}
   (You acquired it on level 4 of the Dungeon)
 b - a +0 hand axe of electrocution (weapon) {axe}
   (You took it off an orc on level 3 of the Dungeon)
 E - a +0 dagger {short}
   (You took it off a goblin on level 1 of the Dungeon)
 G - a +3 dagger of protection {short}
   (You took it off an orc on level 3 of the Dungeon)
 M - a +2 dagger of venom {short}
   (You took it off a kobold on level 4 of the Dungeon)
Missiles
 d - 7 poisoned darts {throwing}
 e - 37 stones {throwing}
 T - 4 curare-tipped darts {=fthrowing}
 V - 6 datura-tipped darts {throwing}
 W - 4 javelins {throwing}
Armour
 c - a +0 leather armour (worn)
 g - a +0 plate armour
   (You found it on level 1 of the Dungeon)
 h - a +0 ring mail
   (You found it on level 1 of the Dungeon)
 i - a +0 ring mail
   (You found it on level 1 of the Dungeon)
 j - a +0 chain mail
   (You found it on level 1 of the Dungeon)
 l - a +0 leather armour
   (You found it on level 4 of the Dungeon)
 m - a +0 scale mail
   (You found it on level 1 of the Dungeon)
 n - a +0 leather armour
   (You found it on level 1 of the Dungeon)
 r - a +0 leather armour
   (You took it off an orc on level 4 of the Dungeon)
 t - a +0 robe
   (You found it on level 2 of the Dungeon)
 w - a +0 scale mail
   (You found it on level 2 of the Dungeon)
 y - a +0 leather armour
   (You found it on level 3 of the Dungeon)
 D - a +0 ring mail
   (You found it on level 3 of the Dungeon)
 F - a +0 scale mail
   (You took it off an orc on level 3 of the Dungeon)
 H - a +0 leather armour
   (You took it off an orc on level 3 of the Dungeon)
 I - a +0 leather armour
   (You took it off an orc on level 3 of the Dungeon)
 J - a +0 chain mail
   (You found it on level 3 of the Dungeon)
 K - a +0 ring mail
   (You took it off an orc on level 3 of the Dungeon)
 O - a +0 ring mail
   (You found it on level 4 of the Dungeon)
 P - a +0 leather armour
   (You found it on level 5 of the Dungeon)
 Q - a +0 leather armour
   (You took it off an orc on level 5 of the Dungeon)
 R - a +0 ring mail
   (You found it on level 5 of the Dungeon)
Magical Staves
 Y - a staff of earth {!astaff}
   (You found it on level 5 of the Dungeon)
Jewellery
 v - a +4 ring of protection
   (You found it on level 2 of the Dungeon)
 B - a ring of magical power (right hand)
   (You found it on level 4 of the Dungeon)
 C - a ring of flight
   (You found it on level 3 of the Dungeon)
 N - a ring of willpower (left hand)
   (You found it on level 4 of the Dungeon)
Scrolls
 f - a scroll of immolation {!r!r}
 k - a scroll of brand weapon
 q - a scroll of magic mapping {!r}
 S - a scroll of noise {unknown}
 X - a scroll of blinking {unknown}
Potions
 o - a potion of lignification {!q}
 u - a potion of mutation {!q}
 x - a potion of heal wounds {@q2}
 A - a potion of resistance {unknown}
 L - a potion of berserk rage {unknown}

Dungeon Overview and Level Annotations

Branches:
Dungeon (6/15) Zot: 26776  Temple (0/1) D:6

Altars:

Shops:
D:1 !=

Annotations:
D:3 Jessica, Sigmund
D:5 Dowan

#.# #.......#..#
#.#.#
#.#############....#
#.#.# #.........e#
##.#.# #.#.#
##########.# #.#.#
#.#.## #######.##
#.#.# #.#.##
#........# #.#.#
#.#.## #.#####..#
#.#.###..#.. #.#
#).# #......^##..
#.#
#@[######.###..#..
#.#
#[..............##
##########.#
#############.....
...........# ######
############


You could see Dowan (fast, fleeing).


Message History

Unknown command.
Fire: a) +2 shortbow (flame) {bow}
Press: ? - help, Q - select action, (/) - cycle Shift-Dir - straight line, f/p - Duvessa
Aim: Duvessa, wielding a +0 short sword and wearing a +0 leather armour (severely wounded, 70% to hit)
You shoot an arrow. Something hits you.
Unknown command.
Unknown command.
An orc wizard appears from thin air!
Reactivating autopickup.
The orc wizard barely misses you.
You climb upwards.
There is a stone staircase leading down, spattered with blood here.
Danger!
Unknown command.
Your +2 shortbow of flaming {bow} stops flaming.
You hear the crackle of electricity.
b - a +0 hand axe of electrocution (weapon)
{axe} The orc wizard barely misses you.
Unknown command.
You slash the orc wizard!
You kill the orc wizard!
You have reached level 8!
You feel stronger.
Your teeth grow very long and razor-sharp.
You start resting.
You start resting.
Unknown command.
You climb downwards.
Level annotation: Dowan, Duvessa Duvessa hits you with a +0 short sword!
Dowan says, "Magic and the sword, together, will defeat you."
Dowan hits you with a +2 dagger of venom.
Duvessa hits you with a +0 short sword.
There is a stone staircase leading up, spattered with blood here.
Danger!
Unknown command.
Dowan closely misses you. Duvessa completely misses you.
You climb upwards.
There is a stone staircase leading down, spattered with blood here.
Unknown command.
Unknown command.
You barely miss Duvessa. You barely miss Dowan.
Dowan points at Duvessa and mumbles some strange words.
Duvessa seems to speed up.
Duvessa hits you with a +0 short sword!
Unknown command.
You hit Duvessa but do no damage. Lightning courses through Duvessa!
You kill Duvessa!
Dowan's eyes darken. "You have made a black mistake."
Dowan seems to find hidden reserves of power!
You barely miss Dowan.
Dowan gestures wildly while chanting.
Dowan blinks!
Your Ranged Weapons skill increases to level 9!
Unknown command.
Unknown command.
Your +0 hand axe of electrocution {axe} stops crackling.
Your +2 shortbow of flaming {bow} bursts into flame!
a - a +2 shortbow of flaming (weapon)
{bow} Fire: a) +2 shortbow (flame) {bow}
Press: ? - help, Q - select action, (/) - cycle Shift-Dir - straight line, f - Dowan
Aim: Dowan, wielding a +2 dagger of venom and wearing a +0 robe (fast, 58% to hit)
You shoot an arrow. The arrow closely misses Dowan.
Your +2 shortbow of flaming {bow} stops flaming.
You hear the crackle of electricity.
b - a +0 hand axe of electrocution (weapon)
{axe} Dowan completely misses you.
Unknown command.
You closely miss Dowan.
Dowan points at you and mumbles some strange words.
The shard of ice hits you!
* * * LOW HITPOINT WARNING * * *
Dowan hits you with a +2 dagger of venom.
* * * LOW HITPOINT WARNING * * *
You are poisoned.
You closely miss Dowan. Your bite misses Dowan.
You feel sick.
Dowan points at you and mumbles some strange words.
The stone arrow misses you. Dowan completely misses you.
You closely miss Dowan. Your bite misses Dowan.
You feel sick.
Dowan hits you with a +2 dagger of venom.
* * * LOW HITPOINT WARNING * * *
You are lethally poisoned!
Dowan hits you with a +2 dagger of venom.
* * * LOW HITPOINT WARNING * * *
You are more poisoned.
Okay, then.
Unknown command.
As you read the scroll of fear, it crumbles to dust.
You assume a fearsome visage.
Dowan looks frightened!
* * * LOW HITPOINT WARNING * * *
You feel extremely sick.
Dowan gestures wildly while chanting.
Dowan blinks!
Unknown command.
Unknown command.
Okay, then.
It was a potion of ambrosia.
You are confused.
Your system rejects the healing.
You feel invigorated.
You die...

Skill      XL: |  1  2  3  4  5  6  7  8 |
---------------+-------------------------+-----
Ranged Weapons | 4 5 6 7 8 9 |  9.1
Fighting       | |  1.7
Dodging        | |  1.5
Stealth        | |  1.2

Action                   |  1- 3 |  4- 6 |  7- 9 || total
-------------------------+-------+-------+-------++-------
Melee: Dagger            |    42 |    26 |       ||    68
       Bite              |    15 |    13 |    11 ||    39
       Hand axe          |       |    26 |    54 ||    80
       Punch             |       |     1 |       ||     1
 Fire: Shortbow          |    90 |    71 |    26 ||   187
  Use: Scroll            |       |     9 |     3 ||    12
       Potion            |       |       |     3 ||     3
 Stab: Invisible         |       |       |     1 ||     1
Armor: Leather armour    |    19 |    23 |    13 ||    55
       Skin              |       |       |     4 ||     4
Dodge: Dodged            |    38 |    29 |    41 ||   108

Levels and vault maps discovered:
D:1:      saegor_arrival_under_anarchy, layout_rooms, serial_shops,
          nicolae_shop_window_shopping, shop
D:2:      layout_rooms, serial_co_window_serial, co_window_corner_a,
          co_window_of_opportunity_a, co_window_of_opportunity_a,
          co_window_paths_a, co_window_paths_b, co_window_unsneaky_path_b,
          co_window_broadway_a, co_window_of_opportunity_c, co_window_2corner,
          co_window_of_opportunity_c, co_window_of_opportunity_c,
          co_window_unsneaky_path_a, co_window_paths_d,
          hangedman_decor_slide_cut, st_stairs_9
D:3:      layout_loops_cross, shapermc_ecumenical_altar_gd, uniq_sigmund,
          uniq_jessica
D:4:      layout_rooms
D:5:      layout_loops_ring, grunt_ministairs_2
D:6:      layout_loops_cross, slow_altar_2, temple_doors_ab, uniq_maggie,
          uniq_grinder, uniq_eustachio, uniq_duvessa

Notes
Turn   | Place    | Note
-------+----------+-------------------------------------------
     0 | D:1      | Sobieck the Vine Stalker Hunter began the quest for the
                  | Orb.
     0 | D:1      | Reached XP level 1. HP: 11/11 MP: 2/2
   191 | D:1      | Reached skill level 4 in Ranged Weapons
   191 | D:1      | Reached XP level 2. HP: 6/15 MP: 1/3
   693 | D:1      | You pick up a book of Callings and begin reading...
   693 | D:1      | You add the spells Summon Small Mammal, Call Canine
                  | Familiar and Summon Guardian Golem to your library.
   809 | D:1      | Found Xumy's Jewellery Shoppe.
   822 | D:1      | Reached XP level 3. HP: 18/18 MP: 4/4
  1025 | D:1      | Found Kedalir's Distillery.
  1047 | D:1      | Bought a potion of lignification for 42 gold pieces
  1047 | D:1      | Bought a potion of degeneration for 14 gold pieces
  1709 | D:2      | Reached skill level 5 in Ranged Weapons
  1711 | D:2      | Gained mutation: Your natural rate of healing is unusually
                  | fast. [Vine Stalker growth]
  1711 | D:2      | Reached XP level 4. HP: 22/23 MP: 5/5
  1914 | D:2      | You pick up a book of the Moon and begin reading...
  1914 | D:2      | You add the spells Passage of Golubria, Silence and
                  | Lehudib's Crystal Spear to your library.
  2264 | D:3      | Noticed Sigmund
  2321 | D:3      | Noticed Jessica
  2848 | D:4      | Reached XP level 5. HP: 26/26 MP: 6/6
  2929 | D:4      | Reached skill level 6 in Ranged Weapons
  2948 | D:4      | Identified a scroll of acquirement
  2948 | D:4      | Acquired a +2 shortbow of flaming
  2975 | D:4      | Reached XP level 6. HP: 30/30 MP: 7/7
  2980 | D:4      | You pick up a book of Displacement and begin reading...
  2980 | D:4      | You add the spells Lesser Beckoning, Gell's Gravitas and
                  | Teleport Other to your library.
  3365 | D:5      | Entered Level 5 of the Dungeon
  3365 | D:5      | Noticed an ice beast
  3375 | D:4      | Killed an ice beast
  3401 | D:5      | Reached skill level 7 in Ranged Weapons
  3518 | D:5      | Noticed a black bear
  3522 | D:5      | Killed a black bear
  3523 | D:5      | Reached XP level 7. HP: 34/34 MP: 8/8
  3668 | D:5      | Reached skill level 8 in Ranged Weapons
  4213 | D:5      | HP: 8/34 [orc wizard/+0 dagger (1)]
  4218 | D:5      | HP: 5/51 [poisoned by a scorpion]
  4267 | D:6      | Noticed Duvessa
  4281 | D:6      | Noticed Dowan
  4293 | D:5      | Gained mutation: You have razor-sharp teeth. [Vine Stalker
                  | growth]
  4293 | D:5      | Reached XP level 8. HP: 36/38 MP: 9/9
  4326 | D:5      | Killed Duvessa
  4327 | D:5      | Reached skill level 9 in Ranged Weapons
  4332 | D:5      | HP: 7/38 [Dowan/+2 dagger of venom (4)]
  4333 | D:5      | HP: 1/38 [poisoned by Dowan]
  4334 | D:5      | Succumbed to Dowan's poison

Vanquished Creatures
  Duvessa (D:5)
  A black bear (D:5)
  2 ice beasts
  A phantom (D:5)
  2 necrophages
  A scorpion (D:5)
  3 hounds
  An iguana (D:4)
  2 orc wizards (D:5)
  4 adders
  4 worms
  3 dart slugs
  15 orcs
  9 ball pythons
  9 bats
  7 endoplasms
  A giant cockroach (D:2)
  7 goblins
  5 hobgoblins
  3 quokkas
  2 frilled lizards
  8 kobolds
  3 rats
94 creatures vanquished.

Table legend:
 A = Non-vault XP
 B = Vault XP
 C = Vault XP percentage of total XP
 D = Non-vault monster count
 E = Vault monster count
 F = Vault count percentage of total count
                 A         B        C        D         E       F
            +---------+---------+-------+---------+---------+-------
      Total |    1063 |     275 |  20.6 |      86 |       8 |   8.5
            +---------+---------+-------+---------+---------+-------
        D:1 |      44 |       0 |   0.0 |      24 |       0 |   0.0
        D:2 |      42 |       9 |  17.6 |      15 |       3 |  16.7
        D:3 |      39 |       0 |   0.0 |      18 |       0 |   0.0
        D:4 |     198 |     125 |  38.7 |      12 |       2 |  14.3
        D:5 |     728 |     141 |  16.2 |      13 |       3 |  18.8
        D:6 |      12 |       0 |   0.0 |       4 |       0 |   0.0
            +---------+---------+-------+---------+---------+-------

Illustrated notes

Table legend:
 A = Kills in this place as a percentage of kills in entire the game.
 B = Kills by you in this place as a percentage of kills by you in the entire game.
 C = Kills by friends in this place as a percentage of kills by friends in the entire game.
 D = Other kills in this place as a percentage of other kills in the entire game.
 E = Experience gained in this place as a percentage of experience gained in the entire game.
 F = Experience gained in this place divided by the number of levels of this place that you have seen.
                   A       B       C       D       E      F
               +-------+-------+-------+-------+-------+----------------------
         Total | 100.0 | 100.0 |   N/A |   N/A | 100.0 | 223.0
       Dungeon | 100.0 | 100.0 |   N/A |   N/A | 100.0 | 223.0
               +-------+-------+-------+-------+-------+----------------------

Table legend: (Time is in decaauts)
 A = Elapsed time spent in this place.
 B = Non-inter-level travel time spent in this place.
 C = Inter-level travel time spent in this place.
 D = Time resting spent in this place.
 E = Time spent auto-exploring this place.
 F = Levels seen in this place.
 G = Mean time per level.
                   A        B        C        D        E       F      G
               +--------+--------+--------+--------+--------+-----+--------+
         Total |   4388 |   4174 |    214 |    128 |   3398 |   6 |  731.3 |
       Dungeon |   4388 |   4174 |    214 |    128 |   3398 |   6 |  731.3 |
               +--------+--------+--------+--------+--------+-----+--------+

Top non-repeatable levels by time:
     D:1: 1163 daAuts
     D:2: 938 daAuts
     D:5: 916 daAuts
     D:3: 706 daAuts
     D:4: 618 daAuts
     D:6: 44 daAuts
